 Dungeon Crawl Stone Soup version 0.27-a0-1196-g3e9cee4cb2 (webtiles) character file.

Game seed: 17117350685012516187

42 Shayle the Sneak (level 3, -4/26 HPs)
             Began as a Demonspawn Enchanter on May 29, 2021.
             Slain by a kobold
             ... wielding a +0 short sword
              (5 damage)
             ... on level 2 of the Dungeon.
             The game lasted 00:06:02 (2296 turns).

Shayle the Sneak (Demonspawn Enchanter)             Turns: 2296, Time: 00:06:03

Health: -4/26      AC:  2    Str:  8    XL:     3   Next: 35%
Magic:  1/6        EV: 12    Int: 16    God:
Gold:   47         SH:  0    Dex: 14    Spells: 3/6 levels left

rFire    . . .     SeeInvis .   a - +1 dagger
rCold    . . .     Faith    .   (no shield)
rNeg     . . .     Spirit   .   b - +0 robe
rPois    .         Reflect  .   (helmet restricted)
rElec    .         Harm     .   (no cloak)
rCorr    .         Rampage  .   (no gloves)
Will     .....                  (no boots)
Stlth    ++........             d - amulet of magic regeneration
HPRegen  0.08/turn              (no ring)
MPRegen  0.35/turn              (no ring)

@: very slightly contaminated
A: horns 1
a: no special abilities


You were on level 2 of the Dungeon.
You visited 1 branch of the dungeon, and saw 2 of its levels.

You collected 47 gold pieces.

Inventory:

Hand Weapons
 a - a +1 dagger (weapon)
Armour
 b - a +0 robe (worn)
Jewellery
 d - an amulet of magic regeneration (around neck)
 e - an amulet of the acrobat
Scrolls
 c - a scroll of fog {unknown}
 f - a scroll of summoning {unknown}
 g - a scroll of identify
Potions
 h - a potion of might {unknown}


   Skills:
 + Level 1.6 Fighting
 - Level 0.8 Short Blades
 + Level 2.4 Dodging
 + Level 3.3 Stealth
 - Level 2.0 Spellcasting
 - Level 3.0 Hexes


You had 3 spell levels left.
You knew the following spells:

 Your Spells              Type           Power      Damage    Failure   Level
a - Corona                Hex            12%        N/A       6%          1
b - Ensorcelled Hibernat  Hex/Ice        12%        N/A       17%         2

Your spell library contained the following spells:

 Spells                   Type           Power      Damage    Failure   Level
 Confusing Touch          Hex            11%        N/A       19%         3
 Tukima's Dance           Hex            11%        N/A       19%         3
 Animate Skeleton         Necr           2%         N/A       21%         1
 Apportation              Tloc           2%         N/A       21%         1
 Summon Small Mammal      Summ           4%         N/A       21%         1
 Dazzling Flash           Conj/Hex       12%        N/A       32%         3


Dungeon Overview and Level Annotations

Branches:
Dungeon (2/15)

Altars:

Shops:
D:1 ((*[=


Innate Abilities, Weirdness & Mutations

You have a pair of small horns on your head.


Message History

Your magical contamination has completely faded away.
You hit the worm but do no damage. Your headbutt misses the worm.
The worm is heavily wounded.
The worm misses you.
You hit the worm but do no damage.
The worm is moderately wounded.
Casting: Ensorcelled Hibernation (safe; 17% risk of failure)
Confirm with . or Enter, or press ? or * to list all spells.
Aiming: Ensorcelled Hibernation (safe; 17% risk of failure)
Press: ? - help, Shift-Dir - straight line, f/p - worm
Aim: a worm (moderately wounded, chance to affect: 47%)
The worm resists with some effort.
A kobold comes into view. It is wielding a +0 short sword.
The kobold shouts!
Casting: Ensorcelled Hibernation (safe; 17% risk of failure)
Confirm with . or Enter, or press ? or * to list all spells.
Aiming: Ensorcelled Hibernation (safe; 17% risk of failure)
Press: ? - help, Shift-Dir - straight line, f/p - worm
Aim: a worm (lightly wounded, chance to affect: 47%)
The worm resists with some effort.
The kobold hits you with a +0 short sword.
* * * LOW HITPOINT WARNING * * *
Unknown command.
You are too injured to fight recklessly!
You closely miss the kobold. You closely miss the kobold.
The kobold barely misses you.
Unknown command.
Unknown command.
The worm bites you.
* * * LOW HITPOINT WARNING * * *
Casting: Ensorcelled Hibernation (safe; 17% risk of failure)
Confirm with . or Enter, or press ? or * to list all spells.
Aiming: Ensorcelled Hibernation (safe; 17% risk of failure)
Press: ? - help, Shift-Dir - straight line, f - kobold, p - worm
Aim: a kobold, wielding a +0 short sword (chance to affect: 55%)
You miscast Ensorcelled Hibernation.
You are very lightly contaminated with residual magic.
Nothing appears to happen.
The kobold hits you with a +0 short sword.
You die...

#.# ##..# ..# #..#
..# #..# ..# #..#
#.# #..# #.##
##..# #..# #...#
#†.## ##...#
....### ###.K@##
......######.....#
....#.........w.##
....##....#######
.##..#....#
.###.#....#######
.+.............>#
.####......##.###
( #......##.#


You could see a worm and a kobold.

Vanquished Creatures
  2 dart slugs
  3 ball pythons (D:1)
  An endoplasm (D:1)
  5 giant cockroaches
  2 goblins (D:1)
  2 hobgoblins (D:1)
  4 jackals (D:2)
  6 bats
  A frilled lizard (D:1)
  2 kobolds (D:1)
  7 rats
35 creatures vanquished.

Vanquished Creatures (others)
  A withered plant (D:1)
1 creature vanquished.

Grand Total: 36 creatures vanquished

Notes
Turn   | Place    | Note
-------+----------+-------------------------------------------
     0 | D:1      | Shayle the Demonspawn Enchanter began the quest for the
                  | Orb.
     0 | D:1      | Reached XP level 1. HP: 13/13 MP: 3/3
     9 | D:1      | Found Rumaaptoa's Assorted Antiques.
   860 | D:2      | Gained mutation: You have a pair of small horns on your
                  | head. [demonic ancestry]
   860 | D:2      | Reached XP level 2. HP: 13/20 MP: 5/5
   863 | D:2      | Learned a level 2 spell: Ensorcelled Hibernation
   974 | D:1      | Reached skill level 1 in Fighting
  1136 | D:1      | Found Ulola's Jewellery Shop.
  1182 | D:1      | Found a faded altar of an unknown god.
  1234 | D:1      | Found Ogad's Antique Weapon Boutique.
  1610 | D:1      | Found Vozusche's Weapon Emporium.
  1626 | D:1      | Reached XP level 3. HP: 6/26 MP: 1/6
  2293 | D:2      | HP: 1/26 [worm (5)]
  2296 | D:2      | Slain by a kobold

Illustrated notes

Levels and vault maps discovered:
D:1:      dpeg_arrival_tiny_j, layout_basic, ebering_ecumenical_altar_petrified,
          serial_shops, shop_fountains, nicolae_shop_trees, shop,
          nicolae_shop_waterfront, shop
D:2:      layout_basic, serial_shops, shop, minmay_randomly_rotated_circles,
          uniq_jessica

Skill      XL: |  1  2 |
---------------+-------+-----
Dodging        | 2 |  2.4
Fighting       | 1 |  1.6
Stealth        | 3 |  3.3
Short Blades   | |  0.8
Spellcasting   | |  2.0
Hexes          | |  3.0

Action                   || total
-------------------------++-------
Melee: Dagger            ||   137
       Headbutt          ||     8
 Cast: Ensorcelled Hiber ||    12
  Use: Scroll            ||     1
 Stab: Sleeping          ||     9
Armor: Robe              ||    23
Dodge: Dodged            ||   100

Table legend: (Time is in decaauts)
 A = Elapsed time spent in this place.
 B = Non-inter-level travel time spent in this place.
 C = Inter-level travel time spent in this place.
 D = Time resting spent in this place.
 E = Time spent auto-exploring this place.
 F = Levels seen in this place.
 G = Mean time per level.
                   A        B        C        D        E       F      G
               +--------+--------+--------+--------+--------+-----+--------+
         Total |   2295 |   2284 |     11 |   1079 |    472 |   2 | 1147.5 |
       Dungeon |   2295 |   2284 |     11 |   1079 |    472 |   2 | 1147.5 |
               +--------+--------+--------+--------+--------+-----+--------+

Top non-repeatable levels by time:
     D:1: 1463 daAuts
     D:2: 832 daAuts
